 Dungeon Crawl Stone Soup version 0.24.0-125-gc4c63601f3 (webtiles) character file.

Game seed: 13197358332142399371, levelgen mode: deterministic

120 Kaiern the Shooter (level 5, -2/35 HPs)
             Began as a Halfling Hunter on Mar 16, 2020.
             Was an Initiate of Makhleb.
             Slain by an orc wizard
             ... wielding a +0 dagger
              (6 damage)
             ... on level 3 of the Dungeon.
             The game lasted 00:20:57 (2487 turns).

Kaiern the Shooter (Halfling Hunter)                Turns: 2487, Time: 00:20:57

Health: -2/35      AC:  4    Str: 14    XL:     5   Next: 25%
Magic:  5/5        EV: 15    Int:  9    God:    Makhleb [......]
Gold:   108        SH:  0    Dex: 15    Spells: 4/4 levels left

rFire    + . .     SeeInvis .   b - +0 short sword
rCold    + . .     Gourm    .   (shield restricted)
rNeg     . . .     Faith    .   c - +0 leather armour
rPois    .         Spirit   .   l - +0 helmet
rElec    .         Reflect  .   n - scarf {rC+ rF+}
rCorr    .         Harm     .   (no gloves)
MR       .....                  (no boots)
Stlth    ++........             h - amulet of rage
HPRegen  0.11/turn              (no ring)
MPRegen  0.09/turn              (no ring)

@: no status effects
A: small, mutation resistance 1
a: Renounce Religion, Evoke Berserk Rage


You were on level 3 of the Dungeon.
You worshipped Makhleb.
Makhleb was noncommittal.
You were hungry.

You visited 1 branch of the dungeon, and saw 3 of its levels.

You collected 108 gold pieces.

Inventory:

Hand Weapons
 a - a +1 shortbow
 b - a +0 short sword (weapon)
Missiles
 d - 20 arrows
Armour
 c - a +0 leather armour (worn)
 l - a +0 helmet (worn)
 n - a scarf of resistance (worn)
Jewellery
 h - an amulet of rage (around neck)
Scrolls
 e - a scroll of immolation {unknown}
 g - 3 scrolls of identify {unknown}
 k - 2 scrolls of remove curse {unknown}
 m - a scroll of enchant armour {unknown}
 p - a scroll of fog {unknown}
 q - a scroll of teleportation {unknown}
Potions
 i - a potion of heal wounds {unknown}
 j - a potion of curing {unknown}
 r - 2 potions of magic {unknown}
Comestibles
 f - 3 rations
 o - 2 chunks of flesh


   Skills:
 + Level 2.3 Fighting
 + Level 1.8 Short Blades
 * Level 5.8 Bows
 + Level 1.1 Armour
 + Level 2.4 Dodging
 + Level 1.4 Stealth


You had 4 spell levels left.
You didn't know any spells.
Your spell library was empty.

Dungeon Overview and Level Annotations

Branches:
Dungeon (3/15)

Altars:
Makhleb
Sif Muna


Innate Abilities, Weirdness & Mutations

You are small and have problems with some larger weapons.
You are somewhat resistant to further mutation.


Message History

You closely miss the orc wizard.
The orc wizard is severely wounded.
The orc wizard misses you.
You barely miss the orc wizard.
The orc wizard is severely wounded.
The orc wizard hits you with a +0 dagger.
The orc wizard hits you but does no damage.
You hit the orc wizard.
The orc wizard is severely wounded.
The orc wizard casts a spell.
The orc wizard flickers and vanishes!
Deactivating autopickup; reactivate with Ctrl-A.
The orc priest invokes the aid of Beogh against you.
Beogh smites you!
* * * LOW HITPOINT WARNING * * *
Something hits you.
* * * LOW HITPOINT WARNING * * *
The orc priest looks encouraged for a moment.
Something hits you.
You die...

.....# #..)...........# #.#
# ###.#######..............#
#.# #.###.................)#
#.# #..................#.###
#.#
#####..............#.#####.#
########....##.#.......#
#....##.######### #....<#.#
#..@..#.# #####.....#.#
#.........#.# #.....###o#.#
#.....# #.# #.....###o#
#.....'...# #[...o#####
#####.#


You could see an orc priest and an orc.

Vanquished Creatures
  A hound (D:2)
  An ooze (D:2)
  A worm (D:2)
  2 dart slugs (D:1)
  2 leopard geckos
  2 orcs (D:3)
  3 ball pythons
  3 giant cockroaches
  6 goblins
  5 hobgoblins
  12 jackals
  A quokka (D:3)
  4 bats
  4 frilled lizards
  14 kobolds
  3 rats
64 creatures vanquished.

Vanquished Creatures (others)
  An orc wizard (D:3)
1 creature vanquished.

Grand Total: 65 creatures vanquished

Notes
Turn   | Place    | Note
-------+----------+-------------------------------------------
     0 | D:1      | Kaiern the Halfling Hunter began the quest for the Orb.
     0 | D:1      | Reached XP level 1. HP: 14/14 MP: 1/1
   126 | D:1      | Reached XP level 2. HP: 19/19 MP: 2/2
   250 | D:1      | Reached skill level 5 in Bows
   462 | D:1      | Reached XP level 3. HP: 18/24 MP: 3/3
   968 | D:2      | Found a burning altar of Makhleb.
  1009 | D:2      | Reached skill level 1 in Short Blades
  1097 | D:2      | Reached XP level 4. HP: 25/29 MP: 4/4
  1279 | D:2      | Became a worshipper of Makhleb the Destroyer
  1607 | D:2      | Reached skill level 1 in Armour
  1774 | D:3      | Reached XP level 5. HP: 34/34 MP: 5/5
  2046 | D:3      | Found a shimmering blue altar of Sif Muna.
  2487 | D:3      | Slain by an orc wizard

Levels and vault maps discovered:
D:1:      giann_forest_graveyard, layout_loops_ring
D:2:      layout_rooms, makhleb_heckhound_becter
D:3:      layout_basic, lemuel_round_altar, kennysheep_generic_room_11

Skill      XL: |  1  2  3  4 |
---------------+-------------+-----
Bows           | 5 |  5.8
Fighting       | 2 |  2.3
Short Blades   | 1 |  1.8
Armour         | 1 |  1.1
Dodging        | |  2.4
Stealth        | |  1.4

Action                   |  1- 3 |  4- 6 || total
-------------------------+-------+-------++-------
Melee: Short sword       |    86 |    63 ||   149
 Fire: Shortbow          |    26 |    52 ||    78
 Stab: Sleeping          |     1 |       ||     1
  Eat: Chunk             |     1 |       ||     1
       Ration            |       |     1 ||     1
Armor: Leather armour    |    21 |    16 ||    37
Dodge: Dodged            |    91 |    37 ||   128
